 Dungeon Sprint DCSS version 0.27-a0-103-g6cd7b45605 (webtiles) character file.

Game seed: 5615007821060898374

13840 mhtbhm the Brawler (level 12, -5/83 HPs)
             Began as a Merfolk Transmuter on Jan 24, 2021.
             Was the Champion of Sif Muna.
             Slain by an orc knight
             ... wielding a +0 war axe
              (45 damage)
             ... in the Dungeon (Sprint IX: "|||||||||||||||||||||||||||||").
             The game lasted 00:06:18 (3301 turns).

mhtbhm the Brawler (Merfolk Transmuter)             Turns: 3301, Time: 00:06:19

Health: -5/83      AC:  7    Str: 15    XL:     12   Next: 10%
Magic:  22/28      EV: 21    Int: 16    God:    Sif Muna [******]
Gold:   1662       SH:  0    Dex: 14    Spells: 7/35 levels left

rFire    . . .     SeeInvis .     - Unarmed
rCold    . . .     Faith    .   (shield currently unavailable)
rNeg     . . .     Spirit   .   a - +0 robe
rPois    .         Reflect  .   k - +0 helmet
rElec    .         Harm     .   l - +0 cloak
rCorr    .         Rampage  .   (gloves currently unavailable)
Will     .....     NoTele   +   t - +0 pair of boots
Stlth    +++.......             (no amulet)
HPRegen  0.23/turn              m - +2 ring of protection
MPRegen  0.21/turn              n - +3 ring of intelligence

@: blade hands
A: change form in water, swift swim, stealthy swim
a: End Transformation, Renounce Religion, Channel Magic, Forget Spell, Divine
Exegesis


You were in the Dungeon.
You worshipped Sif Muna.
Sif Muna was exalted by your worship.
You had blades for hands.
You visited 1 branch You collected 1662 gold pieces.

Inventory:

Armour
 a - a +0 robe (worn)
 k - a +0 helmet (worn)
 l - a +0 cloak (worn)
 t - a +0 pair of boots (worn)
Jewellery
 m - a +2 ring of protection (left scythe-like blade)
 n - a +3 ring of intelligence (right scythe-like blade)
Wands
 j - a wand of acid (4)
Scrolls
 g - 4 scrolls of remove curse
 h - 3 scrolls of blinking
 i - 2 scrolls of amnesia
 p - 2 scrolls of fog
 q - 4 scrolls of enchant armour
Potions
 b - a potion of invisibility
 c - 7 potions of curing
 d - 5 potions of heal wounds
 e - a potion of haste
 f - 4 potions of magic
 o - a potion of berserk rage
 r - a potion of flight
 s - a potion of ambrosia


   Skills:
 + Level 3.9 Fighting
 + Level 13.0 Dodging
 - Level 4.4 Stealth
 + Level 20.6 Unarmed Combat
 + Level 12.1 Spellcasting
 + Level 16.0 Transmutations
 + Level 1.6 Ice Magic
 * Level 4.5 Earth Magic
 - Level 1.4 Evocations


You had 7 spell levels left.
You knew the following spells:

 Your Spells              Type           Power        Failure   Level
a - Beastly Appendage     Tmut           100%         3%          1
b - Wereblood             Tmut           57%          3%          2
c - Spider Form           Tmut/Pois      17%          14%         3
d - Ice Form              Ice/Tmut       38%          21%         4
e - Blade Hands           Tmut           28%          10%         5
f - Dragon Form           Tmut           28%          43%         7
g - Statue Form           Tmut/Erth      28%          56%         6

Your spell library contained the following spells:

 Spells                   Type           Power        Failure   Level
 Passwall                 Tmut/Erth      35%          8%          2
 Ignite Poison            Fire/Tmut/Pois 26%          24%         3
 Freeze                   Ice            60%          28%         1
 Animate Skeleton         Necr           18%          41%         1
 Apportation              Tloc           18%          41%         1
 Shock                    Conj/Air       36%          41%         1
 Alistair's Intoxication  Tmut/Pois      23%          41%         5
 Yara's Violent Unravell  Hex/Tmut       17%          41%         5
 Sublimation of Blood     Necr           4%           47%         2
 Frozen Ramparts          Ice            30%          47%         3
 Call Canine Familiar     Summ           9%           65%         3
 Lesser Beckoning         Tloc           4%           65%         3
 Tukima's Dance           Hex            9%           65%         3
 Vampiric Draining        Necr           4%           65%         3
 Eringya's Noxious Bog    Tmut/Pois      17%          80%         6
 Summon Lightning Spire   Summ/Air       9%           91%         4
 Fireball                 Conj/Fire      4%           99%         5
 Summon Forest            Summ/Tloc      4%           99%         5
 Summon Mana Viper        Hex/Summ       9%           99%         5
 Conjure Ball Lightning   Conj/Air       4%           100%        6
 Freezing Cloud           Conj/Ice/Air   5%           100%        6
 Invisibility             Hex            9%           100%        6
 Iron Shot                Conj/Erth      8%           100%        6
 Shadow Creatures         Summ           N/A          100%        6
 Simulacrum               Ice/Necr       6%           100%        6
 Starburst                Conj/Fire      4%           100%        6
 Haunt                    Necr/Summ      4%           100%        7
 Spellforged Servitor     Conj/Summ      4%           100%        7
 Summon Hydra             Summ           4%           100%        7
 Ignition                 Fire           4%           100%        8
 Necromutation            Tmut/Necr      17%          100%        8
 Absolute Zero            Ice            7%           100%        9


Dungeon Overview and Level Annotations

Branches:
Dungeon (1/1)

Altars:
Cheibriados
Dithmenos
Elyvilon
Fedhas
Gozag
Hepliaklqana
Kikubaaqudgha
Makhleb
Nemelex Xobeh
Okawaru
Qazlal
Ru
Sif Muna
Trog
Uskayaw
Vehumet
Wu Jian
Xom
Yredelemnul
Zin
The Shining One
Beogh
Jiyva
Lugonu

Shops:
D *!((


Message History

Something tries to feed on your intellect!
Unknown command.
Unknown command.
You feel much better.
The orc high priest no longer looks unusually strong. x2
The orc knight roars a battlecry!
The orc high priests go into a battle-frenzy!
The orc high priest intones a terrible prayer.
The orc high priest utters an invocation to Beogh.
Unknown command.
Casting: Blade Hands (dangerous; 10% risk of failure)
Confirm with . or Enter, or press ? or * to list all spells.
Okay, then.
Okay, then.
Casting: Blade Hands (dangerous; 10% risk of failure)
Confirm with . or Enter, or press ? or * to list all spells.
You extend your transformation's duration.
The orc knight hits you with a +0 war axe!!!
Ouch! That really hurt!
You die...

▓▓▓▓▓▓▓▓▓▓▓▓▓▓▓▓▓▓▓▓▓▓▓▓
))....'.....∩.∩.@o3oo444
▓▓▓▓▓▓▓▓▓▓▓▓▓▓▓▓▓▓▓▓▓▓▓▓▓▓▓▓▓▓▓▓▓
.................................
▓▓▓▓▓▓▓▓▓▓▓▓▓▓▓▓▓▓▓▓▓▓▓▓▓▓▓▓▓▓▓▓▓
.......††.........[.'...[[[..'...
▓▓▓▓▓▓▓▓▓▓▓▓▓▓▓▓▓▓▓▓▓▓▓▓▓▓▓▓▓▓▓▓▓
.................................
▓▓▓▓▓▓▓▓▓▓▓▓▓▓▓▓▓▓▓▓▓▓▓▓▓▓▓▓▓▓▓▓▓
_______'..)...[..))....[').....'.


You could see an orc knight (strong), 2 orc high priests, 2 orange demons, an
ice devil (summoned) and a neqoxec (summoned).

Vanquished Creatures
  A hydra (D)
  A two-headed ogre (D)
  Erica (D)
  2 orc high priests (D)
  8 orc knights (D)
  A manticore (D)
  3 black mambas (D)
  2 cane toads (D)
  A komodo dragon (D)
  A tyrant leech (D)
  2 blink frogs (D)
  A slime creature (D)
  3 yaks (D)
  A basilisk (D)
  A wyvern (D)
  3 vampire mosquitoes (D)
  Grum (D)
  6 water moccasins (D)
  13 orc warriors (D)
  A sky beast (D)
  4 wolves (D)
  An ogre (D)
  4 bullfrogs (D)
  A scorpion (D)
  A howler monkey (D)
  2 hounds (D)
  5 orc priests (D)
  An orc wizard (D)
  2 worker ants (D)
  An adder skeleton (D)
  7 orcs (D)
  A ball python (D)
  A giant cockroach (D)
  2 goblins (D)
  A frilled lizard (D)
  A jackal zombie (D)
  A leopard gecko zombie (D)
89 creatures vanquished.

Notes
Turn   | Place    | Note
-------+----------+-------------------------------------------
     0 | D        | mhtbhm the Merfolk Transmuter began the quest for the Orb.
     0 | D        | Reached XP level 1. HP: 15/15 MP: 3/3
    10 | D        | Reached skill level 4 in Unarmed Combat
   125 | D        | Noticed a worker ant
   125 | D        | Noticed a hound
   125 | D        | Noticed a scorpion
   131 | D        | Killed a worker ant
   132 | D        | Reached skill level 5 in Unarmed Combat
   132 | D        | Reached XP level 2. HP: 21/21 MP: 3/6
   132 | D        | Reached XP level 3. HP: 26/26 MP: 3/7
   135 | D        | Reached skill level 6 in Unarmed Combat
   135 | D        | Reached XP level 4. HP: 32/32 MP: 3/9
   141 | D        | Reached skill level 5 in Dodging
   141 | D        | Reached skill level 7 in Unarmed Combat
   141 | D        | Reached skill level 5 in Transmutations
   146 | D        | Reached skill level 8 in Unarmed Combat
   149 | D        | Found a roughly hewn altar of Beogh.
   149 | D        | Found a snail-covered altar of Cheibriados.
   149 | D        | Found a shadowy altar of Dithmenos.
   149 | D        | Found a white marble altar of Elyvilon.
   149 | D        | Found a blossoming altar of Fedhas.
   149 | D        | Found an opulent altar of Gozag.
   150 | D        | Found a hazy altar of Hepliaklqana.
   151 | D        | Found a viscous altar of Jiyva.
   152 | D        | Found an ancient bone altar of Kikubaaqudgha.
   156 | D        | Learned a level 2 spell: Wereblood
   160 | D        | Learned a level 3 spell: Spider Form
   165 | D        | Learned a level 4 spell: Ice Form
   165 | D        | Found a corrupted altar of Lugonu.
   166 | D        | Found a burning altar of Makhleb.
   167 | D        | Found a sparkling altar of Nemelex Xobeh.
   170 | D        | Found an iron altar of Okawaru.
   171 | D        | Found a stormy altar of Qazlal.
   172 | D        | Found a sacrificial altar of Ru.
   173 | D        | Found a shimmering blue altar of Sif Muna.
   174 | D        | Found a bloodstained altar of Trog.
   175 | D        | Found a hide-covered altar of Uskayaw.
   176 | D        | Found a radiant altar of Vehumet.
   177 | D        | Found an ornate altar of the Wu Jian Council.
   178 | D        | Found a shimmering altar of Xom.
   179 | D        | Found a basalt altar of Yredelemnul.
   180 | D        | Found a glowing silver altar of Zin.
   181 | D        | Found a glowing golden altar of the Shining One.
   183 | D        | Became a worshipper of Sif Muna the Loreminder
   384 | D        | Noticed an ogre
   384 | D        | Noticed a bullfrog
   384 | D        | Noticed a yak
   384 | D        | Noticed a two-headed ogre
   386 | D        | Reached XP level 5. HP: 37/37 MP: 3/10
   389 | D        | Killed an ogre
   390 | D        | Reached skill level 9 in Unarmed Combat
   393 | D        | Reached * piety under Sif Muna
   394 | D        | Reached skill level 10 in Unarmed Combat
   394 | D        | Reached skill level 5 in Spellcasting
   394 | D        | Reached XP level 6. HP: 43/43 MP: 2/13
   399 | D        | Killed a yak
   400 | D        | Reached skill level 11 in Unarmed Combat
   400 | D        | Reached XP level 7. HP: 41/48 MP: 2/15
   404 | D        | Killed a two-headed ogre
   404 | D        | Reached ** piety under Sif Muna
   405 | D        | Reached skill level 13 in Unarmed Combat
   405 | D        | Reached XP level 8. HP: 19/56 MP: 3/18
   632 | D        | Learned a level 5 spell: Blade Hands
   638 | D        | Noticed a manticore
   638 | D        | Noticed a slime creature
   644 | D        | Reached skill level 14 in Unarmed Combat
   647 | D        | Reached skill level 10 in Dodging
   649 | D        | Killed a manticore
   649 | D        | Reached *** piety under Sif Muna
   650 | D        | Reached skill level 15 in Unarmed Combat
   650 | D        | Reached skill level 10 in Transmutations
   650 | D        | Reached XP level 9. HP: 22/61 MP: 14/20
   997 | D        | Noticed a black mamba
   999 | D        | Killed a black mamba
  1000 | D        | Reached skill level 1 in Stealth
  1002 | D        | Reached **** piety under Sif Muna
  1003 | D        | Noticed a komodo dragon
  1004 | D        | Reached skill level 16 in Unarmed Combat
  1016 | D        | Killed a komodo dragon
  1016 | D        | Reached ***** piety under Sif Muna
  1016 | D        | Received a gift from Sif Muna
  1120 | D        | Noticed a black mamba
  1120 | D        | Noticed an eight-headed hydra
  1120 | D        | Noticed a black mamba
  1128 | D        | Reached skill level 17 in Unarmed Combat
  1128 | D        | Reached XP level 10. HP: 68/69 MP: 15/22
  1141 | D        | Killed an eight-headed hydra
  1142 | D        | Reached skill level 1 in Ice Magic
  1142 | D        | Reached skill level 1 in Evocations
  1153 | D        | Killed a black mamba
  1157 | D        | Killed a black mamba
  1159 | D        | Reached skill level 18 in Unarmed Combat
  1163 | D        | Identified Sif Muna's Incunabulum of Transmutation and Ice
                  | (Sif Muna gifted it to you in the Dungeon)
  1163 | D        | Received a gift from Sif Muna
  1191 | D        | Learned a level 7 spell: Dragon Form
  1645 | D        | Noticed a cane toad
  1645 | D        | Noticed a cane toad
  1653 | D        | Reached skill level 10 in Spellcasting
  1654 | D        | Killed a cane toad
  1659 | D        | Killed a cane toad
  1661 | D        | Identified Sif Muna's Guide on Shifting Creation (Sif Muna
                  | gifted it to you in the Dungeon)
  1661 | D        | Received a gift from Sif Muna
  1663 | D        | Reached XP level 11. HP: 67/75 MP: 18/25
  1673 | D        | Learned a level 6 spell: Statue Form
  1766 | D        | Noticed Grum
  1774 | D        | Killed Grum
  1784 | D        | Noticed Erica
  1791 | D        | Killed Erica
  1792 | D        | Reached skill level 19 in Unarmed Combat
  1824 | D        | Received a gift from Sif Muna
  1842 | D        | Reached ****** piety under Sif Muna
  1850 | D        | Identified Vuez's Compendium of Unholy Arts (Sif Muna
                  | gifted it to you in the Dungeon)
  1850 | D        | Received a gift from Sif Muna
  2079 | D        | Identified Jeahazo's Handbook of Damaging Moulding (Sif
                  | Muna gifted it to you in the Dungeon)
  2079 | D        | Received a gift from Sif Muna
  2335 | D        | Found Hotut's General Store.
  2335 | D        | Noticed an orc knight
  2335 | D        | Noticed an orc knight
  2335 | D        | Noticed an orc high priest
  2335 | D        | Noticed an orc high priest
  2335 | D        | Noticed an orc knight
  2337 | D        | Noticed an orc knight
  2632 | D        | Killed an orc knight
  2632 | D        | Identified Sif Muna's Catalogue of Creation (Sif Muna
                  | gifted it to you in the Dungeon)
  2632 | D        | Received a gift from Sif Muna
  2633 | D        | Reached skill level 1 in Earth Magic
  2700 | D        | Killed an orc knight
  2739 | D        | Killed an orc high priest
  2740 | D        | Reached skill level 20 in Unarmed Combat
  2740 | D        | Reached skill level 15 in Transmutations
  2862 | D        | Killed an orc high priest
  2987 | D        | Killed an orc knight
  2992 | D        | Noticed an orc knight
  2998 | D        | Killed an orc knight
  3008 | D        | Killed an orc knight
  3017 | D        | Noticed an orc knight
  3026 | D        | Killed an orc knight
  3027 | D        | Reached XP level 12. HP: 37/83 MP: 22/27
  3249 | D        | Identified Sif Muna's Tome of Ghastly Arcane Weapons (Sif
                  | Muna gifted it to you in the Dungeon)
  3249 | D        | Received a gift from Sif Muna
  3270 | D        | Found Ygess's Distillery.
  3274 | D        | Found Voshe's Weapon Emporium.
  3279 | D        | Found Kazimyrgh's Weapon Shoppe.
  3284 | D        | Noticed an orc high priest
  3285 | D        | Noticed an orc high priest
  3301 | D        | Slain by an orc knight

Illustrated notes

Levels and vault maps discovered:
D:        linesprint [early_d, line_temple, items_1, d_10, items_2, lair_1,
          lair_end, items_3, orc_1, orc_end, items_4, d_15, swamp_1, shoals_1,
          snake_1, spider_1, d_20, vaults_1, items_5, swamp_end, shoals_end,
          snake_end, spider_end, vaults_end, d_27, items_6, zot_1, zot_end,
          crypt_end, forest_end, elf_end, slime_end, tomb_end, abyss_end,
          pan_hell_end]

Skill      XL: |  1  2  3  4  5  6  7  8  9 10 11 12 |
---------------+-------------------------------------+-----
Dodging        | 4 5 7 8 9 10 11 12 13 | 13.0
Unarmed Combat | 5 6 8 10 11 13 15 17 18 20 | 20.6
Transmutations | 4 5 6 7 9 10 11 13 15 16 | 16.0
Spellcasting   | 3 5 6 7 8 10 11 12 | 12.1
Fighting       | 2 3 |  3.9
Stealth        | 2 4 |  4.4
Ice Magic      | 1 |  1.6
Evocations     | 1 |  1.4
Earth Magic    | 4 |  4.5

Action                   |  1- 3 |  4- 6 |  7- 9 | 10-12 || total
-------------------------+-------+-------+-------+-------++-------
Melee: Unarmed           |    29 |    22 |    44 |   183 ||   278
       Punch             |       |       |       |    10 ||    10
 Cast: Beastly Appendage |     2 |       |       |       ||     2
       Ice Form          |       |     1 |       |     1 ||     2
       Wereblood         |       |     1 |     2 |     6 ||     9
       Blade Hands       |       |       |     4 |    14 ||    18
       Dragon Form       |       |       |       |     1 ||     1
Evoke: Wand              |       |       |     1 |     5 ||     6
  Use: Potion            |     1 |       |       |     3 ||     4
       Scroll            |       |       |       |     1 ||     1
 Stab: Sleeping          |       |       |     1 |       ||     1
Armor: Robe              |     6 |     1 |     3 |    12 ||    22
       Skin              |       |     2 |       |     6 ||     8
Dodge: Dodged            |    19 |     7 |    25 |    83 ||   134

Table legend: (Time is in decaauts)
 A = Elapsed time spent in this place.
 B = Non-inter-level travel time spent in this place.
 C = Inter-level travel time spent in this place.
 D = Time resting spent in this place.
 E = Time spent auto-exploring this place.
 F = Levels seen in this place.
 G = Mean time per level.
                   A        B        C        D        E       F      G
               +--------+--------+--------+--------+--------+-----+--------+
         Total |   3223 |   3223 |      0 |   2030 |    411 |   1 | 3223.0 |
       Dungeon |   3223 |   3223 |      0 |   2030 |    411 |   1 | 3223.0 |
               +--------+--------+--------+--------+--------+-----+--------+

Top non-repeatable levels by time:
       D: 3223 daAuts
